AoeStats
← Caribe

Golden Pit

508811815Analyzed
1v1 RM · 9d ago on Sep 24, 2026· 24m 29s· 2 players
Game mode
Random Map
Map size
Tiny (2 player)
Population
200
Speed
Normal
Resources
Standard
Victory
Conquest
Starting age
Dark Age
Ending age
Imperial Age
RankedLock teamsTeams togetherTeam positionsShared explorationLock speedFull tech treeHidden civsTurbo modeCheats
Victory
Defeat
🇻🇪 Vietnamese · Venezuela
1265
+15
🇵🇪 Mongols · Peru
1248
-15
Seymore
6:34 Loom
8:53 Feudal Age
9:27 Double-Bit Axe
15:47 Fletching
22:52 Castle Age
21:50 Stone Mining
23:17 Crossbowman
23:53 Bodkin Arrow
Caribe
7:13 Loom
9:57 Feudal Age
10:55 Horse Collar
21:36 Castle Age
20:21 Forging
20:18 Double-Bit Axe
21:17 Bloodlines
22:15 Scale Barding Armor
22:35 Husbandry
Connection lost

Rejoining the realm…

Still unreachable

The connection could not be restored.

Session expired

The server has moved on; the page needs a fresh start.